 Dungeon Crawl Stone Soup version 0.25.0-11-g1f837a76a1 (webtiles) character file.

Game seed: 1193700777977802212

49 xccam the Cudgeler (level 3, 0/21 HPs)
             Began as a Tengu Warper on June 26, 2020.
             Succumbed to an adder's poison
             ... on level 2 of the Dungeon.
             The game lasted 00:01:12 (1243 turns).

xccam the Cudgeler (Tengu Warper)                   Turns: 1243, Time: 00:01:13

Health: 0/21       AC:  5    Str: 11 (12) XL:     3   Next: 77%
Magic:  7/7        EV: 10    Int: 10 (13) God:
Gold:   125        SH:  0    Dex: 10 (13) Spells: 6/6 levels left

rFire    . . .     SeeInvis .   a - +0 mace
rCold    . . .     Gourm    .   (no shield)
rNeg     . . .     Faith    .   c - +0 ring mail
rPois    .         Spirit   .   (helmet restricted)
rElec    .         Reflect  .   (no cloak)
rCorr    .         Harm     .   (no gloves)
MR       .....                  (boots unavailable)
Stlth    ..........             (no amulet)
HPRegen  0.07/turn              (no ring)
MPRegen  0.10/turn              (no ring)

@: lethally poisoned (0 -> -10), hasted, very quick
A: beak, talons 3
a: no special abilities


You were on level 2 of the Dungeon.
You were not hungry.

You visited 1 branch of the dungeon, and saw 2 of its levels.

You collected 125 gold pieces.

Inventory:

Hand Weapons
 a - a +0 mace (weapon)
Missiles
 e - 5 boomerangs of dispersal (quivered)
Armour
 c - a +0 ring mail (worn)
Scrolls
 b - a scroll of remove curse {unknown}
 d - 2 scrolls of blinking
 i - a scroll of noise {unknown}
 j - a scroll of fog {unknown}
 l - a scroll of identify {unknown}
Comestibles
 f - 3 rations
 g - a chunk of flesh


   Skills:
 - Level 2.0 Fighting
 + Level 4.4 Maces & Flails
 - Level 1.0 Throwing
 - Level 1.1 Armour
 - Level 2.1 Dodging
 - Level 2.0 Spellcasting
   Level 2.4 Translocations


You had 6 spell levels left.
You didn't know any spells.
Your spell library contained the following spells:

 Spells                   Type           Power        Failure   Level  Hunger
 Blink                    Tloc           N/A          38%         2    ###....
 Shroud of Golubria       Chrm/Tloc      #.....       56%         2    ###....
 Gell's Gravitas          Tloc           #.........   63%         3    ####...
 Lesser Beckoning         Tloc           #.........   63%         3    ####...
 Teleport Other           Tloc           #.......     63%         3    ####...
 Passage of Golubria      Tloc           N/A          95%         4    #####..


Dungeon Overview and Level Annotations

Branches:
Dungeon (2/15)

Altars:


Innate Abilities, Weirdness & Mutations

You have a beak for a mouth.
You have claws for feet.


Message History

* * * LOW HITPOINT WARNING * * *
You are more poisoned.
The adder poisons you! The adder closely misses you.
You hit the adder.
You kill the adder!
* * * LOW HITPOINT WARNING * * *
You feel sick.
It was a potion of haste.
You feel yourself speed up.
* * * LOW HITPOINT WARNING * * *
You feel sick.
You feel as though your hastened speed will last longer.
* * * LOW HITPOINT WARNING * * *
You feel sick.
It was a potion of degeneration.
There was something very wrong with that liquid.
You feel weakened.
You feel dopey.
You feel clumsy.
There is a lethal amount of poison in your body!
* * * LOW HITPOINT WARNING * * *
You feel sick.
You die...

###### ####....#
#.......# +.......+
#.......# # .. .......#.#
.. ######†...#.##...
.......@..?......
.####.###.##.#.#
####.###.##.#.# .
..............#
.##.###.##.#.#.#
#+.............# .
#.....##..##.#.##.#.#.#.#
#.....##..##........#...#
#.....##)....#.#..)...#.#


There were no monsters in sight!

Vanquished Creatures
  An adder (D:2)
  2 worms (D:2)
  2 dart slugs (D:1)
  2 leopard geckos (D:1)
  2 bats (D:1)
  3 goblins
  3 hobgoblins
  5 kobolds
  A quokka (D:2)
  6 rats
27 creatures vanquished.

Notes
Turn   | Place    | Note
-------+----------+-------------------------------------------
     0 | D:1      | xccam the Tengu Warper began the quest for the Orb.
     0 | D:1      | Reached XP level 1. HP: 12/12 MP: 4/4
   140 | D:1      | Reached skill level 3 in Maces & Flails
   140 | D:1      | Reached XP level 2. HP: 16/17 MP: 6/6
   403 | D:1      | Reached XP level 3. HP: 11/21 MP: 7/7
   794 | D:2      | Reached skill level 4 in Maces & Flails
  1242 | D:2      | HP: 1/21 [poisoned by an adder]
  1243 | D:2      | Succumbed to an adder's poison

Illustrated notes

Levels and vault maps discovered:
D:1:      dpeg_arrival_long_road, layout_rooms, serial_bayou,
          serial_bayou_shore_a, serial_bayou_pond_c, serial_bayou_shore_b,
          serial_bayou_pond_e
D:2:      layout_basic, minmay_diced_spiral

Skill      XL: |  1  2  3 |
---------------+----------+-----
Maces & Flails | 3 4 |  4.4
Fighting       | |  2.0
Throwing       | |  1.0
Armour         | |  1.1
Dodging        | |  2.1
Spellcasting   | |  2.0
Translocations | |  2.4

Action                   || total
-------------------------++-------
Melee: Mace              ||    67
       Peck              ||    13
       Kick              ||    13
  Use: Potion            ||     3
  Eat: Chunk             ||     1
Armor: Ring mail         ||    21
Dodge: Dodged            ||    53
